 Dungeon Crawl Stone Soup version 0.27-a0-1456-gf5a116941d (webtiles) character file.

Game seed: 16188231119016038835

593133 MacCMillion the Petrodigitator (level 27, -9/157 HPs)
             Began as a Gargoyle Earth Elementalist on June 24, 2021.
             Was the Champion of Vehumet.
             Blown up by an eye of devastation (41 damage)
             ... with a bolt of energy
             ... on level 4 of the Pits of Slime on July 8, 2021.
             The game lasted 12:02:30 (119851 turns).

MacCMillion the Petrodigitator (GrEE)             Turns: 119851, Time: 12:02:33

Health: -9/157     AC: 45    Str: 16    XL:     27
Magic:  2/51       EV:  8    Int: 32    God:    Vehumet [******]
Gold:   4763       SH: 17    Dex:  4    Spells: 4/56 levels left

rFire    + + +     SeeInvis .   F - staff of earth
rCold    + + .     Faith    .   a - +0 kite shield
rNeg     + + .     Spirit   .   f - +2 chain mail "Honoev" {+Inv}
rPois    ∞         Reflect  +   I - +1 helmet
rElec    +         Harm     .   E - scarf {rC+ rF+}
rCorr    +         Rampage  .   X - +0 pair of gloves "Vixtas" {rF+ Will+ rCorr Dex-4}
Will     +++..                  w - +2 pair of boots
Stlth    ..........             t - amulet of Syndicalism {Reflect Drain +Blink rF++ SH+5}
HPRegen  0.36/turn              H - ring of Bipsydo {rF+ MP+9}
MPRegen  0.32/turn              R - ring "Zoing" {rC+ rN+ Str+3 Int+4}

@: flying, studying Polearms
A: sickness immunity, AC +20, big wings, negative energy resistance 1,
electricity resistance, torment resistance 1, petrification resistance, clumsy
1, deterioration 1, subdued magic 1
}: 3/15 runes: decaying, silver, gossamer
a: Renounce Religion, Evoke Blink, Evoke Invisibility


You were on level 4 of the Pits of Slime.
You worshipped Vehumet.
Vehumet was exalted by your worship.
You visited 10 branches of the dungeon, and saw 49 of its levels.
You also visited: Gauntlet.

You collected 9163 gold pieces.
You spent 4400 gold pieces at shops.

Inventory:

Hand Weapons
 v - the +10 mace of Tawnak {speed, SInv}
   (You found it on level 4 of the Dungeon)

   Attacks with this weapon are significantly faster.
   SInv:      It lets you see invisible.
 z - the +10 quarterstaff "Sechonyo" {speed, +Blink rN++}
   (You took it off a deep elf high priest on level 3 of the Elven Halls)

   Attacks with this weapon are significantly faster.
   rN:        It greatly protects you from negative energy.
   +Blink:    It lets you blink.
 Y - the +1 hand axe "Lukkepah" {flame, Will+}
   (You found it on level 1 of the Lair of Beasts)

   It has been specially enchanted to burn those struck by it, causing extra
   injury to most foes and up to half again as much damage against particularly
   susceptible opponents.
   Big, fiery blades are also staple armaments of hydra-hunters.
   Will:      It increases your willpower.
Missiles
 Z - 189 stones
Armour
 a - a +0 kite shield (worn)
 f - the +2 chain mail "Honoev" (worn) {+Inv}
   (You found it on level 1 of the Swamp)

   +Inv:      It lets you turn invisible.
 w - a +2 pair of boots (worn)
 E - a scarf of resistance (worn)
 I - a +1 helmet (worn)
 X - the +0 pair of gloves "Vixtas" (worn) {rF+ Will+ rCorr Dex-4}
   (You found it on level 4 of the Swamp)

   Dex:       It affects your dexterity (-4).
   rF:        It protects you from fire.
   rCorr:     It protects you from acid and corrosion.
   Will:      It increases your willpower.
Magical Staves
 g - a staff of conjuration
 F - a staff of earth (weapon)
Jewellery
 p - the ring "Itaqanor" {rElec rC++ Will+ rCorr Stlth-}
   (You acquired it on level 1 of the Elven Halls)

   [ring of willpower]

   rC:        It greatly protects you from cold.
   rElec:     It insulates you from electricity.
   rCorr:     It protects you from acid and corrosion.
   Will:      It increases your willpower.
   Stlth:     It makes you less stealthy.
 s - the ring of the Iron Devil {Will+ rCorr Int+5}
   (You acquired it on level 2 of the Orcish Mines)

   [ring of willpower]

   Int:       It affects your intelligence (+5).
   rCorr:     It protects you from acid and corrosion.
   Will:      It increases your willpower.
 t - the amulet of Syndicalism (around neck) {Reflect Drain +Blink rF++ SH+5}
   (You bought it in a shop on level 4 of the Depths)

   [amulet of reflection]

   It reflects blocked missile attacks.
   rF:        It greatly protects you from fire.
   +Blink:    It lets you blink.
   Drain:     It drains your maximum health when unequipped.
   SH:        It affects your SH (+5).
 G - a ring of magical power
 H - the ring of Bipsydo (left hand) {rF+ MP+9}
   (You bought it in a shop on level 4 of the Depths)

   [ring of magical power]

   rF:        It protects you from fire.
   MP:        It affects your magic capacity (+9).
 L - an amulet of magic regeneration
 P - the ring of Fiarapp {rC+ Will+ Dex+6 Stlth+}
   (You found it on level 3 of the Lair of Beasts)

   [ring of protection from cold]

   Dex:       It affects your dexterity (+6).
   rC:        It protects you from cold.
   Will:      It increases your willpower.
   Stlth:     It makes you more stealthy.
 R - the ring "Zoing" (right hand) {rC+ rN+ Str+3 Int+4}
   (You found it on level 5 of the Vaults)

   [ring of protection from cold]

   Str:       It affects your strength (+3).
   Int:       It affects your intelligence (+4).
   rC:        It protects you from cold.
   rN:        It protects you from negative energy.
 V - the ring "Icub" {Wiz Will+ Int+4}
   (You took it off a frost giant on level 3 of the Depths)

   [ring of wizardry]

   It improves your spell success rate.
   Int:       It affects your intelligence (+4).
   Will:      It increases your willpower.
Wands
 m - a wand of acid (23)
 C - a wand of iceblast (24)
 M - a wand of mindburst (12)
 Q - a wand of digging (6)
Scrolls
 c - 5 scrolls of immolation
 e - a scroll of silence
 h - 17 scrolls of teleportation
 l - 4 scrolls of vulnerability
 n - 7 scrolls of enchant armour
 r - 3 scrolls of fog
 u - 3 scrolls of holy word
 x - 2 scrolls of brand weapon
 y - 3 scrolls of torment
 B - 2 scrolls of amnesia
 N - 9 scrolls of enchant weapon
 O - 6 scrolls of fear
 S - 12 scrolls of magic mapping
 U - 3 scrolls of summoning
Potions
 b - 9 potions of might
 d - 8 potions of ambrosia
 i - 8 potions of haste
 j - 9 potions of brilliance
 k - 6 potions of berserk rage
 o - 4 potions of magic
 q - 5 potions of mutation
 A - a potion of heal wounds
 D - a potion of invisibility
 J - 4 potions of resistance
 K - 16 potions of curing
 W - 2 potions of cancellation


   Skills:
 + Level 12.1 Fighting
 - Level 3.0 Short Blades
 + Level 16.6 Armour
 - Level 5.0 Dodging
 - Level 2.1 Stealth
 - Level 15.0 Shields
 - Level 15.3 Spellcasting
 * Level 23.6 Conjurations
 - Level 10.0 Summonings
 - Level 7.4 Necromancy
 - Level 5.0 Translocations
 - Level 0.7 Transmutations
 O Level 27 Earth Magic
 - Level 5.0 Evocations


You had 4 spell levels left.
You knew the following spells:

 Your Spells              Type           Power      Damage    Failure   Level
a - Blink                 Tloc           N/A        N/A       1%          2
b - Lehudib's Crystal Sp  Conj/Erth      60%        10d14     1%          8
c - Lee's Rapid Deconstr  Erth           61%        3d29*     0%          5
d - Borgnjor's Vile Clut  Necr/Erth      50%        N/A       1%          5
e - Spellforged Servitor  Conj/Summ      40%        N/A       2%          7
f - Iron Shot             Conj/Erth      60%        9d11      1%          6
g - Fulminant Prism       Conj/Hex       33%        3d16      1%          4
h - Iskenderun's Mystic   Conj/Tloc      73%        2d15      1%          4
i - Passwall              Tmut/Erth      76%        N/A       1%          2
j - Shatter               Erth           61%        3d46*     4%          9

Your spell library contained the following spells:

 Spells                   Type           Power      Damage    Failure   Level
 Chain Lightning          Conj/Air       33%        3d44      100%        9
 Magic Dart               Conj           100%       1d8       0%          1
 Sandblast                Erth           100%       2d20      0%          1
 Searing Ray              Conj           100%       3d7       0%          2
 Stone Arrow              Conj/Erth      100%       3d13      0%          3
 Animate Skeleton         Necr           100%       N/A       1%          1
 Apportation              Tloc           86%        N/A       1%          1
 Foxfire                  Conj/Fire      100%       2x1d9     1%          1
 Pain                     Necr           100%       1d9       1%          1
 Shock                    Conj/Air       100%       1d9       1%          1
 Summon Small Mammal      Summ           100%       N/A       1%          1
 Call Imp                 Summ           61%        N/A       1%          2
 Call Canine Familiar     Summ           61%        N/A       1%          3
 Conjure Flame            Conj/Fire      67%        6-21      1%          3
 Dazzling Flash           Conj/Hex       100%       N/A       1%          3
 Mephitic Cloud           Conj/Pois/Air  55%        N/A       1%          3
 Vampiric Draining        Necr           26%        2d9       1%          3
 Animate Armour           Summ/Erth      100%       N/A       1%          4
 Leda's Liquefaction      Hex/Erth       45%        N/A       1%          4
 Petrify                  Tmut/Erth      92%        N/A       1%          4
 Corpse Rot               Necr/Air       N/A        N/A       3%          2
 Gell's Gravitas          Tloc           21%        N/A       3%          3
 Summon Guardian Golem    Hex/Summ       43%        N/A       3%          3
 Teleport Other           Tloc           43%        N/A       3%          3
 Poisonous Vapours        Pois/Air       36%        N/A       4%          2
 Animate Dead             Necr           26%        N/A       4%          4
 Dispel Undead            Necr           53%        3d19      4%          4
 Sting                    Tmut/Pois      80%        1d7       9%          1
 Corona                   Hex            20%        N/A       10%         1
 Portal Projectile        Hex/Tloc       62%        N/A       11%         3
 Summon Ice Beast         Ice/Summ       43%        N/A       13%         4
 Summon Lightning Spire   Summ/Air       43%        N/A       13%         4
 Ensorcelled Hibernation  Hex/Ice        36%        N/A       16%         2
 Slow                     Hex            18%        N/A       16%         2
 Airstrike                Air            9%         N/A       28%         4
 Olgreb's Toxic Radiance  Pois           18%        N/A       28%         4
 Confusing Touch          Hex            18%        N/A       32%         3
 Swiftness                Air            18%        N/A       32%         3
 Tukima's Dance           Hex            18%        N/A       32%         3
 Iskenderun's Battlesphe  Conj           94%        2d14      0%          5
 Bolt of Magma            Conj/Fire/Erth 50%        4d20      1%          5
 Irradiate                Conj/Tmut      34%        3d25      1%          5
 Orb of Destruction       Conj           47%        9d15      1%          7
 Freezing Cloud           Conj/Ice/Air   27%        6-21      3%          5
 Starburst                Conj/Fire      33%        8x6d10    3%          6
 Agony                    Necr           53%        N/A       13%         5
 Excruciating Wounds      Necr           26%        N/A       13%         5
 Summon Forest            Summ/Tloc      27%        N/A       13%         5
 Shadow Creatures         Summ           N/A        N/A       26%         6
 Manifold Assault         Tloc           43%        N/A       36%         5
 Summon Mana Viper        Hex/Summ       43%        N/A       36%         5
 Yara's Violent Unravell  Hex/Tmut       10%        3d6       52%         5
 Death Channel            Necr           26%        N/A       61%         6
 Summon Hydra             Summ           30%        N/A       83%         7
 Blade Hands              Tmut           11%        N/A       92%         5
 Dispersal                Tloc           21%        N/A       92%         6
 Alistair's Intoxication  Tmut/Pois      13%        N/A       95%         5
 Haunt                    Necr/Summ      29%        N/A       95%         7
 Eringya's Noxious Bog    Tmut/Pois      10%        N/A       96%         6
 Silence                  Hex/Air        9%         N/A       97%         5
 Malign Gateway           Summ/Tloc      27%        N/A       99%         7
 Dragon Form              Tmut           11%        N/A       100%        7
 Storm Form               Tmut/Air       10%        N/A       100%        7
 Discord                  Hex            9%         N/A       100%        8
 Disjunction              Tloc           21%        N/A       100%        8
 Infestation              Necr           26%        N/A       100%        8
 Maxwell's Capacitive Co  Air            9%         ∞         100%        8
 Summon Horrible Things   Summ           30%        N/A       100%        8
 Statue Form              Tmut/Erth      Unusable   N/A       N/A         6

Dungeon Overview and Level Annotations

Branches:
Dungeon (15/15)            Temple (1/1) D:4            Lair (6/6) D:11
  Swamp (4/4) Lair:2       Spider (4/4) Lair:3        Slime (4/5) Lair:5
    Orc (2/2) D:9             Elf (3/3) Orc:2        Vaults (5/5) D:13
  Crypt (0/3) Vaults:3     Depths (5/5) D:15            Zot (0/5) Depths:5
Gauntlet (visited)

Altars:
Ashenzari
Cheibriados
Dithmenos
Elyvilon
Fedhas
Gozag
Hepliaklqana
Kikubaaqudgha
Makhleb
Nemelex Xobeh
Okawaru
Qazlal
Ru
Sif Muna
Trog
Uskayaw
Vehumet
Wu Jian
Xom
Yredelemnul
Zin
The Shining One
Beogh
Jiyva
Lugonu

Shops:
D:3 [   D:11 !*   D:12 (   Orc:2 [:*[   Vaults:4 (   Depths:1 (   Depths:2 ***
Depths:3 *[((!   Depths:4 =:=

Portals:
Hell: Depths:1 Depths:2 Depths:3 Depths:4 Depths:5
Abyss: Orc:2 Depths:2 Depths:3 Depths:4
Pandemonium: Depths:3
Ziggurat: Depths:4

Annotations:
D:14 1 runed translucent door
Depths:1 1 exclusion


Innate Abilities, Weirdness & Mutations

You are immune to sickness and miasma.
Your stone body is resilient. (AC +20)
You are immune to poison.
Your large and strong wings let you fly.
You resist negative energy. (rN+)
You are resistant to electric shocks. (rElec)
You are resistant to unholy torment.
You are immune to petrification.
You are clumsy. (Dex -2)
Your body sometimes deteriorates upon taking damage.
Your spells are a little easier to cast, but a little less powerful.


Message History

A shining eye comes into view.
The quicksilver ooze hits you!
The quicksilver ooze hits you but does no damage.
The shining eye turns its gaze towards you.
The quicksilver ooze hits you. The quicksilver ooze engulfs you!
The quicksilver ooze hits you but does no damage.
There is a stone staircase leading down here.
The rockslime hits you but does no damage.
The quicksilver ooze hits you.
You block the quicksilver ooze's attack.
The rockslime hits you but does no damage.
You fly downwards.
The slime creature quivers.
A large slime creature splits.
You block the slime creature's attack. x2
The slime creature hits you but does no damage.
There is a stone staircase leading up here.
Casting: Blink (safe; 1% risk of failure)
Confirm with . or Enter, or press ? or * to list all spells.
You blink.
You are splashed with acid.
You resist. The ooze engulfing you falls away.
Two slime creatures merge to form a large slime creature.
You are splashed with acid!
You resist.
Two slime creatures merge to form a large slime creature.
You are splashed with acid.
You resist.
You are splashed with acid!
You resist.
* * * LOW HITPOINT WARNING * * *
You are splashed with acid.
You resist.
* * * LOW HITPOINT WARNING * * *
The slime creature hits you but does no damage.
You block the slime creature's attack.
You block the quicksilver ooze's attack.
The quicksilver ooze hits you but does no damage.
You block the slime creature's attack.
Casting: Blink (safe; 1% risk of failure)
Confirm with . or Enter, or press ? or * to list all spells.
You blink.
You are splashed with acid.
You resist.
* * * LOW HITPOINT WARNING * * *
The eye of devastation gazes at you. The bolt of energy hits you!!!
You die...

........G...........##
...............#.....#
....................##
.........#.........#.#
..#...................
.....#......<.....##.#
..................#
#......#....##...##
.......G........@##
........§........J####
...............#J§.#.###
..............J#J.J....##
................JJ.#....#
...........G......J....##
........§........J......##
....>....................#
#............#..<.....#.#.#


You could see 2 large slime creatures, 5 slime creatures, a rockslime, an eye of
devastation and a quicksilver ooze.

Vanquished Creatures
  2 dread liches (Vaults:5)
  2 ancient liches
  Mara (Spider:3)
  A juggernaut (Depths:4)
  Saint Roka (Orc:1)
  Bai Suzhen (Swamp:4)
  the Lernaean hydra (Swamp:4)
  Xtahua (Depths:3)
  Jory (Vaults:2)
  4 golden dragons
  Arachne (Spider:2)
  5 tentacled monstrosities
  2 liches
  Jorgrun (Spider:3)
  Rupert (Orc:2)
  4 quicksilver dragons
  4 titans
  3 deep elf blademasters
  5 sphinxes
  2 deep elf master archers (Elf:3)
  13 acid blobs
  4 tengu reavers
  Donald (Spider:2)
  5 shadow dragons
  6 storm dragons
  Kirke (Spider:3)
  9 fire giants
  3 azure jellies
  5 rockslimes
  Louise (Spider:2)
  10 deep elf sorcerers
  3 ghost moths
  2 iron dragons
  A balrug (Depths:3)
  5 orc warlords
  A draconian shifter (Depths:5)
  14 ironbound preservers
  14 vault wardens
  5 emperor scorpions
  11 frost giants
  5 quicksilver oozes
  3 spriggan defenders (Depths:3)
  46 very ugly things
  6 war gargoyles
  The ghost of Gaoz Xeu the Nimble, a journeyman OpIE of Qazlal (Lair:6)
  12 stone giants
  12 deep elf demonologists
  A vampire knight (Depths:4)
  A green draconian (Depths:5)
  4 entropy weavers
  A black draconian (Depths:5)
  A minotaur (Gauntlet)
  9 deep elf annihilators
  5 dire elephants
  7 spark wasps
  A purple draconian (Depths:5)
  A yellow draconian (Depths:5)
  10 deep elf death magi
  4 eleionomae
  A blizzard demon (Depths:2)
  8 bunyips
  An ettin (shapeshifter) (Vaults:5)
  16 ettins
  The ghost of Disaer the Grappler, a journeyman TrMo of Jiyva (Lair:3)
  A crystal guardian (Vaults:3)
  2 green deaths (Swamp:4)
  9 yaktaur captains
  Josephine (Lair:4)
  6 fire dragons
  9 deep elf high priests
  5 boulder beetles
  2 peacekeepers (Vaults:3)
  8 great orbs of eyes
  3 ironbound thunderhulks
  5 spriggan air magi
  6 ice dragons
  33 vault guards
  3 ghost crabs
  2 ogre magi (Orc:2)
  3 hell beasts
  3 catoblepae
  24 hydras
  A salamander tyrant (Depths:4)
  5 ironbound frosthearts
  Erica (Lair:2)
  8 deep troll shamans
  9 alligators
  16 two-headed ogres
  8 death scarabs (Spider:4)
  A tengu warrior (D:15)
  11 centaur warriors
  14 death yaks
  2 shock serpents (shapeshifter)
  9 deep troll earth magi
  Urug (D:11)
  12 dancing weapons
  7 ironbound beastmasters
  5 hell hogs
  3 orc high priests
  5 sun demons
  2 thrashing horrors (Swamp:4)
  A spriggan berserker (Depths:3)
  2 vampire magi
  3 soul eaters
  Nergalle (Lair:2)
  11 deep elf knights
  8 hell knights
  The ghost of EiAlmux the Covert, a novice KoHu of Hepliaklqana (D:9)
  A sixfirhy (Depths:3)
  2 salamander mystics (Depths:4)
  7 iron trolls
  4 goliath frogs
  A spectral emperor scorpion (Spider:4)
  2 spriggan druids
  48 deep trolls
  10 swamp dragons
  10 deep elf archers
  A gelid demonspawn (Depths:3)
  2 glowing orange brains
  2 flayed ghosts
  3 spectral wolf spiders (Spider:4)
  7 phantasmal warriors
  A glowing orange brain (shapeshifter) (Vaults:4)
  8 bog bodies
  A wolf spider zombie (Spider:4)
  7 lindwurms
  Pikel (D:8)
  10 wizards
  A necromancer (Depths:2)
  A sphinx zombie (Depths:2)
  19 ironbound convokers
  4 harpies (Vaults:1)
  19 wolf spiders
  29 deep elf zephyrmancers
  13 orc knights
  14 orb spiders
  7 oklob plants
  3 orb spiders (shapeshifter)
  73 ugly things
  A mana viper (shapeshifter) (Depths:1)
  A manticore (D:13)
  5 salamanders (Depths:4)
  8 will-o-the-wisps
  14 deep elf pyromancers
  A frost giant zombie (Depths:2)
  3 orc sorcerers
  3 moths of wrath
  5 shining eyes
  9 elephants
  8 cyclopes
  3 smoke demons
  A guardian serpent (shapeshifter) (Depths:4)
  2 guardian serpents (Depths:2)
  4 orange demons
  3 black mambas
  2 gargoyles (D:12)
  An elephant (shapeshifter) (Vaults:5)
  4 molten gargoyles (D:12)
  A minotaur zombie (Gauntlet)
  3 eyes of devastation
  24 vault sentinels
  A torpor snail (shapeshifter) (Vaults:5)
  Maggie (D:8)
  A cane toad (shapeshifter) (D:13)
  2 kobold demonologists
  3 rime drakes
  2 spectral redbacks (Spider:4)
  12 cane toads
  20 yaktaurs
  13 komodo dragons
  A redback zombie (Spider:4)
  10 demonic crawlers
  5 freezing wraiths
  5 tengu conjurers
  2 hellwings (Depths:3)
  A red devil (Depths:3)
  A jumping spider (shapeshifter) (Depths:4)
  11 trolls
  3 meliai (D:15)
  A troll (shapeshifter) (Elf:3)
  45 jumping spiders
  A bloated husk (Swamp:2)
  2 polar bears
  A queen bee (shapeshifter) (D:13)
  2 jumping spider zombies (Spider:4)
  A wind drake (shapeshifter) (Vaults:5)
  12 hornets
  6 spectral jumping spiders
  A tarantella zombie (Spider:4)
  A meliai zombie (D:10)
  80 slime creatures
  5 spectral tarantellas
  8 tyrant leeches
  Prince Ribbit (D:5)
  5 blink frogs
  2 air elementals
  2 centaur simulacra (Gauntlet)
  3 shadows
  A spriggan skeleton (Depths:2)
  7 wraiths
  7 water elementals
  68 redbacks
  59 yaks
  A large abomination (Swamp:4)
  4 spriggans
  30 tarantellas
  2 basilisks
  6 golden eyes (Slime:4)
  9 humans (D:13)
  2 steam dragons (D:8)
  4 wyverns
  4 fire elementals
  A neqoxec (Depths:3)
  15 vampire mosquitoes
  16 swamp worms
  Edmund (D:3)
  3 wargs
  9 water moccasins
  A spectral hornet (Spider:4)
  A hornet zombie (Spider:4)
  A floating eye (Slime:3)
  A floating eye (shapeshifter) (Vaults:5)
  A meliai simulacrum (Gauntlet)
  A black bear (Lair:3)
  29 orc warriors
  A swamp drake (D:11)
  2 sky beasts
  An ice dragon simulacrum (Gauntlet)
  16 wolves
  A boggart (Elf:1)
  13 centaurs
  24 ogres
  A phantom (D:4)
  3 lemures (D:8)
  2 kobold brigands (D:7)
  Blork the orc (D:4)
  16 bullfrogs
  5 earth elementals
  A gnoll sergeant (Orc:2)
  A wyvern zombie (D:7)
  3 scorpions
  10 electric eels
  A howler monkey (D:3)
  5 centaur zombies
  4 hounds
  4 jellies
  16 orc priests
  2 bullfrog skeletons
  Crazy Yiuf (D:4)
  2 iguanas
  24 orc wizards
  A hell rat (Lair:3)
  A killer bee zombie (D:9)
  8 gnolls
  7 adders
  A shadow imp (D:7)
  An ufetubus (D:5)
  3 worms
  4 dart slugs
  73 orcs
  7 bats
  5 endoplasms
  A giant cockroach (D:2)
  6 goblins
  6 hobgoblins
  7 jackals
  15 kobolds
  2 quokkas
  3 ball pythons
  2 frilled lizards
  3 rats
1876 creatures vanquished.

Vanquished Creatures (collateral kills)
  An entropy weaver (Vaults:4)
1 creature vanquished.

Vanquished Creatures (others)
  A wizard (Vaults:1)
  A deep elf pyromancer (Elf:1)
  A bloated husk (Swamp:2)
  A tyrant leech (Swamp:2)
  A water elemental (Depths:1)
  3 humans (Spider:3)
  2 bushes
  10 demonic plants (Gauntlet)
  39 foxfires
  13 fulminant prisms
  41 fungi
  A lurking horror (Orc:2)
  164 plants
278 creatures vanquished.

Grand Total: 2155 creatures vanquished

Notes
Turn   | Place    | Note
-------+----------+-------------------------------------------
     0 | D:1      | MacCMillion the Gargoyle Earth Elementalist began the quest
                  | for the Orb.
     0 | D:1      | Reached XP level 1. HP: 10/10 MP: 3/3
   133 | D:1      | Reached skill level 4 in Earth Magic
   168 | D:1      | Reached XP level 2. HP: 15/15 MP: 3/5
   603 | D:1      | Reached XP level 3. HP: 10/19 MP: 1/6
  1528 | D:2      | Found a faded altar of an unknown god.
  1870 | D:2      | Reached skill level 5 in Earth Magic
  2343 | D:3      | Found Goiwumi's Armour Shop.
  2402 | D:3      | Reached XP level 4. HP: 20/24 MP: 6/8
  3776 | D:3      | Reached skill level 1 in Short Blades
  3994 | D:4      | Reached XP level 5. HP: 24/28 MP: 9/9
  4150 | D:4      | Found a staircase to the Ecumenical Temple.
  4163 | D:4      | Reached skill level 6 in Earth Magic
  4165 | Temple   | Entered the Ecumenical Temple
  4370 | Temple   | Became a worshipper of Vehumet
  4413 | D:4      | Noticed Edmund
  5314 | D:4      | HP: 1/28 [hound (1)]
  5320 | D:4      | Reached XP level 6. HP: 1/32 MP: 10/10
  5646 | D:4      | Reached skill level 7 in Earth Magic
  6316 | D:4      | Learned a level 3 spell: Stone Arrow
  6322 | D:4      | Learned a level 5 spell: Lee's Rapid Deconstruction
  6331 | D:4      | Identified the +10 mace of Tawnak {speed, SInv}
  6373 | D:4      | Found a runed translucent door.
  6374 | D:4      | Noticed Crazy Yiuf
  6408 | D:4      | Noticed Blork the orc
  6434 | D:5      | Entered Level 5 of the Dungeon
  6444 | D:5      | Reached XP level 7. HP: 36/36 MP: 7/11
  6534 | D:5      | Reached skill level 8 in Earth Magic
  6634 | D:4      | Killed Blork the orc
  6736 | D:4      | Found a stormy altar of Qazlal.
  6858 | D:3      | Found Goiwumi's Armour Shop.
  7576 | D:3      | Killed Edmund
  7577 | D:3      | Reached skill level 9 in Earth Magic
  7753 | D:3      | Found Goiwumi's Armour Shop.
  8169 | D:5      | Noticed Prince Ribbit
  8179 | D:5      | Killed Prince Ribbit
  8180 | D:5      | Reached skill level 1 in Fighting
  8180 | D:5      | Reached XP level 8. HP: 22/44 MP: 7/12
  8679 | D:5      | Found an ornate altar of the Wu Jian Council.
  8969 | D:5      | Reached skill level 1 in Conjurations
  8969 | D:5      | Reached skill level 10 in Earth Magic
  9040 | D:5      | Noticed a yak
  9041 | D:5      | Noticed a yak
  9056 | D:5      | Killed a yak
  9129 | D:5      | Noticed a yak
  9139 | D:5      | Noticed a yak
  9159 | D:5      | Killed a yak
  9159 | D:5      | Reached * piety under Vehumet
  9159 | D:5      | Offered knowledge of Shock by Vehumet.
  9172 | D:4      | Killed a yak
  9416 | D:4      | Killed a yak
  9417 | D:4      | Reached skill level 11 in Earth Magic
  9563 | D:4      | Upgraded the game from 0.27-a0-1325-g58a489ad9e to
                  | 0.27-a0-1331-g60ef6b6952
  9698 | D:5      | Reached XP level 9. HP: 50/50 MP: 7/13
 11049 | D:7      | Learned a level 5 spell: Borgnjor's Vile Clutch
 11388 | D:7      | Reached skill level 1 in Necromancy
 11602 | D:7      | Reached skill level 12 in Earth Magic
 12302 | D:8      | Noticed Maggie
 12311 | D:8      | Killed Maggie
 12563 | D:8      | Noticed a hornet
 12569 | D:8      | Killed a hornet
 12690 | D:8      | Reached skill level 5 in Fighting
 12693 | D:8      | Reached XP level 10. HP: 59/59 MP: 12/17
 12816 | D:8      | Reached skill level 5 in Spellcasting
 12998 | D:8      | Reached skill level 13 in Earth Magic
 13152 | D:8      | Noticed Pikel
 13182 | D:8      | Killed Pikel
 13182 | D:8      | Offered knowledge of Foxfire by Vehumet.
 13330 | D:8      | Found a hazy altar of Hepliaklqana.
 13544 | D:9      | Found a runed translucent gate.
 13545 | D:9      | Found a runed translucent gate.
 13546 | D:9      | Found a runed translucent gate.
 13550 | D:9      | Found a viscous altar of Jiyva.
 13550 | D:9      | Noticed EiAlmux's ghost (novice KoHu)
 13576 | D:9      | Reached ** piety under Vehumet
 13610 | D:9      | Reached skill level 5 in Necromancy
 13727 | D:9      | Noticed a two-headed ogre
 13732 | D:9      | Killed a two-headed ogre
 13733 | D:9      | Reached skill level 14 in Earth Magic
 13787 | D:9      | Upgraded the game from 0.27-a0-1331-g60ef6b6952 to
                  | 0.27-a0-1391-g48c30b3128
 14172 | D:9      | Reached XP level 11. HP: 63/63 MP: 8/19
 14335 | D:9      | Noticed a two-headed ogre
 14345 | D:9      | Killed a two-headed ogre
 15025 | D:9      | Offered knowledge of Frozen Ramparts by Vehumet.
 15310 | D:9      | Found a staircase to the Orcish Mines.
 15395 | D:10     | Entered Level 10 of the Dungeon
 16358 | D:10     | Identified the +2 ring mail of Laubur {rPois}
 16430 | D:10     | Noticed a two-headed ogre
 16446 | D:10     | Killed a two-headed ogre
 16447 | D:10     | Reached skill level 15 in Earth Magic
 16623 | D:10     | Found an iron altar of Okawaru.
 16810 | D:11     | Found Orirunan's Distillery.
 16820 | D:11     | Bought a potion of degeneration for 13 gold pieces
 16887 | D:11     | Noticed a two-headed ogre
 16920 | D:11     | Killed a two-headed ogre
 17692 | D:11     | Reached *** piety under Vehumet
 17774 | D:11     | Noticed a cyclops
 17778 | D:11     | Killed a cyclops
 17829 | D:11     | Reached skill level 5 in Dodging
 18079 | D:11     | Found a staircase to the Lair.
 18091 | D:11     | Reached XP level 12. HP: 68/68 MP: 14/23
 18165 | Lair:1   | Entered Level 1 of the Lair of Beasts
 18361 | Lair:1   | You fall into a shaft and drop 1 floor!
 18389 | Lair:2   | Reached skill level 1 in Armour
 18539 | Lair:2   | Noticed Nergalle
 18794 | Lair:2   | Offered knowledge of Inner Flame by Vehumet.
 18910 | Lair:2   | Killed Nergalle
 19443 | Lair:1   | Reached skill level 16 in Earth Magic
 19907 | D:11     | Learned a level 4 spell: Petrify
 19924 | D:11     | Found Mevim's Mayhem Merchandise.
 20053 | D:11     | Noticed Urug
 20926 | Lair:1   | Identified the +1 hand axe "Lukkepah" {flame, Will+}
 21552 | Lair:2   | Noticed Erica
 22025 | Lair:2   | Noticed a catoblepas
 22040 | Lair:2   | Killed a catoblepas
 22041 | Lair:2   | Reached skill level 5 in Armour
 22261 | Lair:2   | Reached **** piety under Vehumet
 22482 | Lair:2   | Found a staircase to the Swamp.
 22650 | Lair:2   | Killed Erica
 22655 | Lair:2   | Reached XP level 13. HP: 72/72 MP: 12/26
 22778 | Lair:2   | Offered knowledge of Yara's Violent Unravelling by Vehumet.
 23353 | Lair:3   | Reached skill level 17 in Earth Magic
 23360 | Lair:3   | Found a runed translucent door.
 23361 | Lair:3   | Noticed Disaer's ghost (journeyman TrMo)
 24359 | Lair:3   | Found a hole to the Spider Nest.
 25859 | Lair:4   | Noticed Josephine
 25865 | Lair:4   | Killed Josephine
 26804 | Lair:4   | Reached skill level 10 in Spellcasting
 27018 | Lair:4   | Reached skill level 18 in Earth Magic
 29045 | Lair:5   | Gained mutation: Your large and strong wings let you fly.
                  | [Gargoyle growth]
 29045 | Lair:5   | Reached XP level 14. HP: 78/78 MP: 21/28
 29299 | Lair:5   | Reached skill level 1 in Shields
 29705 | Lair:6   | Entered Level 6 of the Lair of Beasts
 29706 | Lair:6   | Upgraded the game from 0.27-a0-1391-g48c30b3128 to
                  | 0.27-a0-1423-ge5d6b6ab6a
 29825 | Lair:6   | Found a runed translucent gate.
 29825 | Lair:6   | Found a runed translucent gate.
 29825 | Lair:6   | Found a runed translucent gate.
 29877 | Lair:6   | Found a gate leading to a gauntlet.
 29886 | Gauntlet | Entered a Gauntlet
 29886 | Gauntlet | Found a transporter.
 29886 | Gauntlet | Found a transporter.
 29886 | Gauntlet | Found a transporter.
 30143 | Gauntlet | Found a transporter.
 30144 | Gauntlet | Found a transporter.
 30150 | Gauntlet | Found a transporter.
 30154 | Gauntlet | Found a transporter.
 30173 | Gauntlet | Found a transporter.
 30178 | Gauntlet | Found a transporter.
 30197 | Gauntlet | Found a transporter.
 30201 | Gauntlet | Found a transporter.
 30275 | Gauntlet | Found a transporter.
 30635 | Gauntlet | Identified the +2 pair of gloves "Biumaf" {Harm Dex+4}
 30781 | Gauntlet | Reached skill level 19 in Earth Magic
 31044 | Gauntlet | Got Wyiniral's Compendium of Entrancing Evil
 31044 | Gauntlet | Got the Almanac of Arcane Weapons and Lightness
 31044 | Gauntlet | Got the Catalogue of Fetching Companions
 31044 | Gauntlet | Got the Catalogue of Spatial Sinister Secrets
 31069 | Lair:6   | Noticed Gaoz Xeu's ghost (journeyman OpIE)
 31140 | Lair:6   | Reached ***** piety under Vehumet
 34165 | Lair:6   | Noticed a dire elephant
 34231 | Lair:6   | Killed a dire elephant
 34232 | Lair:6   | Reached skill level 5 in Shields
 34563 | Lair:6   | Identified the +6 mace "Plog" {freeze, MP+9 Str+4}
 35317 | D:11     | Killed Urug
 35402 | D:12     | Found Qobluk's Antique Weapon Emporium.
 35469 | Orc:1    | Entered Level 1 of the Orcish Mines
 35983 | Orc:1    | Offered knowledge of Olgreb's Toxic Radiance by Vehumet.
 36132 | Orc:1    | You are sucked into a shaft and drop 1 floor!
 36132 | Orc:2    | Entered Level 2 of the Orcish Mines
 36166 | Orc:2    | Found a staircase to the Elven Halls.
 37102 | Orc:2    | Reached skill level 20 in Earth Magic
 37273 | Orc:2    | Noticed an orc warlord
 37393 | Orc:1    | Killed an orc warlord
 37394 | Orc:1    | Reached XP level 15. HP: 81/82 MP: 21/30
 37966 | Orc:2    | Offered knowledge of Lightning Bolt by Vehumet.
 38478 | D:11     | Upgraded the game from 0.27-a0-1423-ge5d6b6ab6a to
                  | 0.27-a0-1438-g9b7c6745da
 40827 | Orc:2    | Found Uloim's Armour Shop.
 40830 | Orc:2    | Found Tetz's General Store.
 40833 | Orc:2    | Found Mirae's Book Emporium.
 40841 | Orc:2    | Found Itural's Armour Shop.
 40845 | Orc:2    | Bought a book of Power for 630 gold pieces
 40852 | Orc:2    | Learned a level 6 spell: Iron Shot
 40897 | Orc:2    | Noticed Rupert
 40905 | Orc:2    | Found a one-way gate to the infinite horrors of the Abyss.
 40906 | Orc:2    | Found a corrupted altar of Lugonu.
 40906 | Orc:2    | Noticed Saint Roka
 41120 | Orc:2    | Killed Rupert
 42635 | D:12     | Identified the +3 hand axe "Doan" {elec, rPois rC+ Dex+3}
 42885 | D:12     | Reached skill level 5 in Conjurations
 43063 | D:12     | Identified 2 scrolls of acquirement
 43064 | D:12     | Acquired 841 gold pieces
 43065 | D:12     | Acquired a staff of conjuration
 44669 | D:13     | Offered knowledge of Conjure Ball Lightning by Vehumet.
 44759 | D:13     | Identified the +7 great sword of Chagrin {pain, Str-3 SInv
                  | Stlth+}
 44954 | D:13     | Found a gate to the Vaults.
 46307 | D:14     | Reached XP level 16. HP: 90/90 MP: 25/32
 46951 | D:14     | Found a runed translucent door.
 46954 | D:14     | Noticed a tengu reaver
 46955 | D:14     | Identified the +2 great mace "Vaig" {vorpal, Contam Fly
                  | Str+4}
 46955 | D:14     | Noticed a tengu reaver
 47088 | D:15     | Entered Level 15 of the Dungeon
 47090 | D:15     | Found a staircase to the Depths.
 49270 | D:11     | Bought a potion of magic for 104 gold pieces
 49270 | D:11     | Bought a potion of invisibility for 104 gold pieces
 49690 | Orc:1    | Killed Saint Roka
 49691 | Orc:1    | Reached skill level 10 in Conjurations
 49866 | Orc:2    | Bought a scroll of acquirement for 780 gold pieces
 49869 | Orc:2    | Acquired the ring of the Iron Devil {Will+ rCorr Int+5}
 50270 | Spider:1 | Entered Level 1 of the Spider Nest
 51510 | Spider:1 | Offered knowledge of Bolt of Magma by Vehumet.
 51625 | Lair:3   | Learned a level 5 spell: Iskenderun's Battlesphere
 52846 | Spider:1 | Reached skill level 10 in Shields
 53601 | Spider:2 | Noticed Louise
 54074 | Spider:2 | Noticed Arachne
 54082 | Spider:2 | Killed Arachne
 54083 | Spider:2 | Reached XP level 17. HP: 90/96 MP: 7/33
 54453 | Spider:2 | Killed Louise
 55219 | Spider:3 | Noticed Jorgrun
 55219 | Spider:3 | Noticed Mara
 55524 | Spider:3 | Killed Jorgrun
 56346 | Spider:2 | Offered knowledge of Fireball by Vehumet.
 56572 | Spider:3 | Noticed Kirke
 56576 | Spider:3 | Killed Kirke
 56721 | Spider:3 | Noticed MacCMillion's illusion
 56934 | Spider:3 | Noticed MacCMillion's illusion
 56934 | Spider:3 | Killed Mara
 56967 | Spider:3 | Noticed Donald
 57418 | Spider:2 | HP: 3/96 [Donald (31)]
 58865 | Spider:2 | Killed Donald
 59300 | Spider:4 | Entered Level 4 of the Spider Nest
 60007 | Spider:4 | Reached skill level 15 in Conjurations
 62381 | Spider:4 | Reached XP level 18. HP: 96/101 MP: 13/34
 64423 | Spider:4 | Got a gossamer rune of Zot
 64615 | Swamp:1  | Entered Level 1 of the Swamp
 64876 | Lair:2   | Offered knowledge of Ozocubu's Refrigeration by Vehumet.
 65918 | Swamp:1  | Identified the +2 chain mail "Honoev" {+Inv}
 67387 | Swamp:2  | Noticed a tentacled monstrosity
 68689 | Swamp:2  | Killed a tentacled monstrosity
 70416 | Swamp:3  | Reached XP level 19. HP: 106/106 MP: 19/35
 70753 | Swamp:4  | Entered Level 4 of the Swamp
 70753 | Swamp:4  | Noticed Bai Suzhen
 70754 | Swamp:4  | Upgraded the game from 0.27-a0-1438-g9b7c6745da to
                  | 0.27-a0-1448-g9c78c815f3
 71056 | Swamp:4  | Killed Bai Suzhen
 71992 | Swamp:4  | Got the Tome of Unstable Transformation
 72071 | Swamp:4  | Identified the +0 pair of gloves "Vixtas" {rF+ Will+ rCorr
                  | Dex-4}
 72534 | Swamp:4  | Noticed the 27-headed Lernaean hydra
 72800 | Swamp:3  | Upgraded the game from 0.27-a0-1448-g9c78c815f3 to
                  | 0.27-a0-1456-gf5a116941d
 72912 | D:11     | Learned a level 4 spell: Iskenderun's Mystic Blast
 73335 | Elf:1    | Entered Level 1 of the Elven Halls
 73347 | Elf:1    | Offered knowledge of Starburst by Vehumet.
 74160 | Elf:1    | Reached skill level 15 in Shields
 75125 | Lair:6   | Killed Gaoz Xeu's ghost
 75218 | Lair:6   | Acquired a staff of earth
 75583 | D:4      | Killed Crazy Yiuf
 75761 | D:9      | Killed EiAlmux's ghost
 75962 | Lair:3   | Killed Disaer's ghost
 76030 | Lair:3   | Identified the ring of Fiarapp {rC+ Will+ Dex+6 Stlth+}
 76379 | Lair:5   | Found a staircase to the Slime Pits.
 77980 | Elf:2    | Found a huge runed gate.
 77981 | Elf:2    | Found a huge runed gate.
 77981 | Elf:2    | Found a huge runed gate.
 77997 | Elf:2    | Found a huge runed gate.
 78013 | Elf:2    | Found a huge runed gate.
 78013 | Elf:2    | Found a huge runed gate.
 78014 | Elf:2    | Found a huge runed gate.
 78143 | Elf:2    | Found a huge runed translucent gate.
 78143 | Elf:2    | Found a huge runed translucent gate.
 78143 | Elf:2    | Found a huge runed translucent gate.
 78144 | Elf:2    | Found a huge runed translucent gate.
 78145 | Elf:2    | Found a huge runed translucent gate.
 78167 | Elf:2    | Found a huge runed gate.
 78167 | Elf:2    | Found a huge runed gate.
 78168 | Elf:2    | Found a huge runed gate.
 78186 | Elf:2    | Found a huge runed gate.
 78186 | Elf:2    | Found a huge runed gate.
 78186 | Elf:2    | Found a huge runed gate.
 78187 | Elf:2    | Found a huge runed gate.
 78278 | Elf:2    | Paralysed by an air elemental for 1 turns
 78563 | Elf:2    | Found a huge runed gate.
 78563 | Elf:2    | Found a huge runed gate.
 78564 | Elf:2    | Found a huge runed gate.
 78587 | Elf:2    | Reached skill level 1 in Evocations
 78601 | Elf:2    | Found a huge runed gate.
 78601 | Elf:2    | Found a huge runed gate.
 78601 | Elf:2    | Found a huge runed gate.
 78605 | Elf:2    | Found a huge runed gate.
 78605 | Elf:2    | Found a huge runed gate.
 78606 | Elf:2    | Found a huge runed gate.
 78608 | Elf:2    | Found a huge runed gate.
 78609 | Elf:2    | Found a huge runed gate.
 78609 | Elf:2    | Found a huge runed gate.
 78609 | Elf:2    | Found a huge runed gate.
 79051 | Elf:2    | Noticed a Brimstone Fiend
 79057 | Elf:2    | Reached XP level 20. HP: 38/111 MP: 15/37
 80292 | Elf:2    | Identified the ring of the Establishment {Fire Contam rPois
                  | MP-9 Int+8}
 80297 | Elf:2    | Identified the ring "Ashurit" {rF+ Str+2}
 80338 | Elf:3    | Entered Level 3 of the Elven Halls
 81893 | Elf:3    | Reached skill level 5 in Evocations
 82221 | Elf:3    | Identified the +6 mace of the Genius {vorpal, rC+}
 82744 | Elf:3    | Noticed a Brimstone Fiend
 82746 | Elf:3    | Noticed a Tzitzimitl
 83388 | Elf:3    | Reached skill level 10 in Armour
 83708 | Elf:3    | Identified the +10 quarterstaff "Sechonyo" {speed, +Blink
                  | rN++}
 84547 | Elf:3    | Identified the +0 chain mail of Ygrovoph {rCorr Str+2
                  | Slay-5}
 84986 | Elf:1    | Acquired the ring "Itaqanor" {rElec rC++ Will+ rCorr
                  | Stlth-}
 85281 | Vaults:1 | Entered Level 1 of the Vaults
 85471 | Vaults:1 | Reached skill level 1 in Translocations
 85925 | Vaults:2 | Noticed Jory
 85932 | Vaults:2 | Killed Jory
 86091 | Vaults:2 | Reached ****** piety under Vehumet
 86258 | Vaults:2 | Reached XP level 21. HP: 108/120 MP: 27/38
 86261 | Vaults:2 | Reached skill level 21 in Earth Magic
 86987 | Vaults:1 | Offered knowledge of Lehudib's Crystal Spear by Vehumet.
 86987 | Vaults:1 | Offered knowledge of Shatter by Vehumet.
 86987 | Vaults:1 | Offered knowledge of Chain Lightning by Vehumet.
 86988 | Vaults:1 | Reached skill level 10 in Fighting
 89886 | Vaults:2 | Reached skill level 22 in Earth Magic
 91905 | Vaults:3 | Found a staircase to the Crypt.
 92498 | Vaults:3 | Reached XP level 22. HP: 61/127 MP: 26/40
 92813 | Vaults:3 | Reached skill level 23 in Earth Magic
 93803 | Depths:1 | Entered Level 1 of the Depths
 94474 | Depths:1 | Got the Disquisition on Blistering Dark Magic
 94518 | Depths:1 | Found a burning altar of Makhleb.
 94541 | Depths:1 | Found Baweq's Weapon Shoppe.
 94985 | Depths:1 | Learned a level 2 spell: Blink
 94989 | Depths:1 | Learned a level 2 spell: Passwall
 94999 | Depths:1 | Learned a level 9 spell: Shatter
 95027 | Depths:1 | Found a gateway to Hell.
 95987 | Depths:2 | Reached skill level 5 in Translocations
 96125 | Depths:2 | Learned a level 8 spell: Lehudib's Crystal Spear
 96340 | Depths:2 | Reached skill level 24 in Earth Magic
 97172 | Depths:2 | Found Gozag's Assorted Antiques.
 97295 | Depths:2 | Reached skill level 15 in Spellcasting
 97297 | Depths:2 | Identified the +2 scale mail of the Watchman {Harm rF+ rC+
                  | Str+4}
 98276 | Depths:1 | Found a gateway to Hell.
 98767 | Depths:1 | Found Baweq's Weapon Shoppe.
 98873 | Depths:1 | Found a burning altar of Makhleb.
 99493 | Depths:2 | Found an opulent altar of Gozag.
 99493 | Depths:2 | Found Gozag's Assorted Antiques.
 99493 | Depths:2 | Noticed a golden dragon
 99952 | Depths:2 | Found Gozag's Assorted Antiques.
100313 | Depths:2 | Reached XP level 23. HP: 132/132 MP: 35/42
100313 | Depths:2 | Killed a golden dragon
100725 | Depths:3 | Reached skill level 25 in Earth Magic
100891 | Depths:3 | Noticed Xtahua
100897 | Depths:3 | Killed Xtahua
101374 | Depths:3 | Found Kuggetwe's Antique Armour Shop.
101381 | Depths:3 | Found Novvia Caire's Weapon Boutique.
101381 | Depths:3 | Found Tehedyv's General Store.
101486 | Depths:3 | Found Gelu's Weapon Boutique.
102149 | Depths:3 | Found a one-way gate leading to the halls of Pandemonium.
102330 | Depths:3 | Reached skill level 26 in Earth Magic
102425 | Depths:3 | Found Ofeug's Distillery.
102435 | Depths:3 | Bought a potion of experience for 1050 gold pieces
102437 | Depths:3 | Reached XP level 24. HP: 137/137 MP: 42/42
103022 | Depths:3 | Noticed an ancient lich
103066 | Depths:3 | Found a runed translucent door.
103068 | Depths:3 | Identified the amulet "Ecigugio" {Spirit rElec rC- Will+
                  | Regen+}
103068 | Depths:3 | Identified the ring "Icub" {Wiz Will+ Int+4}
103082 | Depths:3 | Killed an ancient lich
103516 | Depths:4 | Acquired an amulet of magic regeneration
103570 | Depths:4 | Reached skill level 27 in Earth Magic
103573 | Depths:4 | Found a gateway to a ziggurat.
104619 | Depths:4 | Learned a level 7 spell: Spellforged Servitor
104633 | Depths:4 | Reached skill level 1 in Summonings
104727 | Depths:4 | Noticed a juggernaut
104739 | Depths:4 | Killed a juggernaut
104740 | Depths:4 | Reached XP level 25. HP: 141/144 MP: 3/42
105175 | Depths:4 | Found Iviub's Jewellery Shop.
105175 | Depths:4 | Found Xoiro's Book Shoppe.
105177 | Depths:4 | Found Diph's Jewellery Shop.
105195 | Depths:4 | Bought the amulet of Syndicalism {Reflect Drain +Blink rF++
                  | SH+5} for 559 gold pieces
105206 | Depths:4 | Bought the ring of Bipsydo {rF+ MP+9} for 544 gold pieces
105439 | Depths:4 | Reached skill level 5 in Summonings
105755 | Depths:4 | Identified the +6 short sword "Muvapuc" {flame, rElec
                  | Dex+4}
105894 | Depths:5 | Entered Level 5 of the Depths
106471 | Depths:5 | Found a gate to the Realm of Zot.
106573 | Depths:5 | Acquired 1031 gold pieces
109201 | Vaults:4 | Found Juplut's Weapon Boutique.
109608 | Vaults:4 | Reached skill level 10 in Summonings
110446 | Vaults:5 | Entered Level 5 of the Vaults
110449 | Vaults:5 | Reached XP level 26. HP: 135/149 MP: 42/42
110711 | Vaults:5 | Noticed a dread lich
110711 | Vaults:5 | Noticed a dread lich
110713 | Vaults:5 | Killed a dread lich
110713 | Vaults:5 | Killed a dread lich
110713 | Vaults:5 | Noticed an ancient lich
110717 | Vaults:5 | Killed an ancient lich
111454 | Vaults:5 | Reached skill level 15 in Armour
112325 | Vaults:5 | Got a silver rune of Zot
112331 | Vaults:5 | Identified the +5 mace of Conversion {vorpal, rPois SInv}
112332 | Vaults:5 | Identified the +1 rapier of Dissolution {venom, rN+ SInv}
112398 | Vaults:5 | Reached XP level 27. HP: 153/153 MP: 42/42
112668 | Vaults:5 | Identified the +7 broad axe "Gaxt" {antimagic, rN+ Will+}
112668 | Vaults:5 | Identified the +7 arbalest "Lipsuo Fibb" {freeze, rF+ rC+
                  | Str+2}
113038 | Vaults:5 | Identified the -4 kite shield of Broken Taboos {rPois rC-
                  | Will+}
113286 | Vaults:5 | Identified the ring "Zoing" {rC+ rN+ Str+3 Int+4}
114027 | Swamp:4  | Killed the 27-headed Lernaean hydra
114470 | Swamp:4  | Got a decaying rune of Zot
114944 | Slime:1  | Entered Level 1 of the Pits of Slime
114946 | Slime:1  | Gained mutation: Your body sometimes deteriorates upon
                  | taking damage. [a shining eye]
117172 | Depths:4 | Bought a book of Death for 616 gold pieces
118396 | Slime:2  | Learned a level 4 spell: Fulminant Prism
118408 | Slime:3  | Paralysed by a floating eye for 2 turns
118417 | Slime:3  | Paralysed by a floating eye for 4 turns
118425 | Slime:3  | Paralysed by a floating eye for 3 turns
118952 | Slime:3  | Paralysed by a floating eye for 3 turns
119822 | Slime:3  | Gained mutation: Your spells are a little easier to cast,
                  | but a little less powerful. [a shining eye]
119825 | Slime:3  | Gained mutation: You are clumsy. (Dex -2) [a shining eye]
119851 | Slime:4  | Blown up by an eye of devastation

Illustrated notes

Levels and vault maps discovered:
D:1:      lightli_arrival_boilingwater, layout_basic, serial_glass,
          glass_columns_c, glass_columns_c, glass_columns_a, glass_columns_b,
          glass_columns_a, glass_columns_a, serial_bayou_lake_a
D:2:      layout_basic, hellmonk_ecumenical_altar_run_dry
D:3:      layout_loops_ring, serial_shops, nicolae_shop_trees,
          chequers_arboretum
D:4:      layout_cave_pools, nicolae_qazlal_eye_of_the_storm,
          minmay_temple_entry_glass, moated_statue, uniq_edmund,
          uniq_blork_the_orc, uniq_crazy_yiuf_cottage
D:5:      layout_loops_ring, kennysheep_mini, uniq_prince_ribbit1
D:6:      layout_basic
D:7:      layout_basic, chequers_serial_rivers_room_b
D:8:      layout_basic, kennysheep_mini_moat, uniq_pikel, uniq_maggie
D:9:      layout_loops_ring, hiddenorc1_lemuel, gammafunk_ghost_ooze
D:10:     layout_roguey, marbit_many_paths
D:11:     layout_roguey, erik_lair_dragon, serial_shops, shop_fountains,
          minmay_shop_mayhem, uniq_urug
D:12:     layout_cave_pools, serial_shops, nicolae_stop_n_shop_1, minivault_8
D:13:     layout_stronghold, ximxim_vaults_locker_room, nicolae_wwwww
D:14:     layout_long_grid, grunt_decor_clamped, kennysheep_treasure_room
D:15:     grunt_enter_depths_giant_problem, layout_rooms, minmay_misc_feat_roman
Temple:   dpeg_five_rooms_temple
Lair:1:   layout_small_grid, grunt_megastairs_5, lemuel_fruit_fields,
          serial_bayou_shore_b
Lair:2:   layout_roguey, minmay_swamp_entry_swarm, wad_woods_river_04,
          grunt_megastairs_3, infiniplex_staircase_pool_2, serial_bayou_shore_a,
          uniq_erica, uniq_nergalle
Lair:3:   layout_gridlike, spider_nest_entry_webs,
          portal_ice_cave_entry_pillars_1, gammafunk_ghost_grave,
          hangedman_lair_unloving_vines, serial_bayou_pond_c,
          nicolae_lair_grove_arrangements, minmay_lair_oklob_chamber
Lair:4:   layout_hall_layers, uniq_josephine
Lair:5:   layout_small_grid, minmay_slime_entry_oklob_enclosed,
          lemuel_fruit_tree
Lair:6:   grunt_lair_end_beastmaster, layout_hall_layers, gammafunk_ghost_split,
          gauntlet_entry_generic, minmay_lair_oklob_items
Swamp:1:  layout_basic_swamp, evilmike_swamp_ruin_house_3, swamp_pool3,
          nzn_swamp_dancing_lights
Swamp:2:  nzn_winding_woodlands_small
          [nzn_winding_woodlands_5x15_pathside_ponds,
          nzn_winding_woodlands_center_diamonds,
          nzn_winding_woodlands_5x15_twine], layout_basic_swamp,
          evilmike_swamp_ruin_house_4
Swamp:3:  layout_basic_swamp, nicolae_swamp_fairy_circle
Swamp:4:  swamp_vile, layout_basic_swamp, uniq_bai_suzhen
Spider:1: layout_spider_delve, nicolae_spider_claw_tunnel
Spider:2: layout_spider_delve, nicolae_spider_bzzzt, uniq_arachne, uniq_louise
Spider:3: layout_spider_delve, uniq_mara, uniq_jorgrun, uniq_kirke, uniq_donald
Spider:4: floodkiller_spider_rune_tomb
Slime:1:  cheibrodos_slime_lost_civilization_10, layout_caves
Slime:2:  layout_caves, nicolae_slime_welcoming_committee
Slime:3:  layout_caves
Slime:4:  layout_caves, cheibrodos_slime_lost_civilization_4
Orc:1:    layout_diamond_mine, guppyfry_library_mini
Orc:2:    st_orc_open, layout_diamond_mine, basic_altar,
          amcnicky_altar_lugonu_corruption, uniq_rupert, uniq_saint_roka
Elf:1:    elf_arrival_001, layout_loops_cross, hangedman_elf_disciples
Elf:2:    layout_loops_corners, door_vault
Elf:3:    elf_hall_gauntlet_wide, layout_geoelf_castle,
          minmay_misc_feat_ornament
Vaults:1: hangedman_vaults_stream, v_misc_15, hangedman_vaults_snaps,
          ontoclasm_vaults_gateway, v_misc_24, vaults_room_fours,
          nicolae_vaults_diagonal_hallway_9, hangedman_vaults_slice,
          nicolae_vaults_mini_display_case, ontoclasm_vaults_eye,
          layout_vaults_big_room
Vaults:2: vaults_room_pool, hangedman_vaults_stagger, v_misc_5,
          ontoclasm_vaults_misaligned, hangedman_vaults_corner_blocks,
          hangedman_vaults_restitches, nicolae_vaults_little_squares_5,
          v_misc_3, nicolae_vaults_yaktaur_gun_rack, vaults_dpeg_ring,
          vaults_dpeg_diagonal, layout_vaults_omnigrid, uniq_jory
Vaults:3: minmay_crypt_entry_simple_walls, ontoclasm_vaults_gallery, v_misc_19,
          vaults_room_corners, v_alt_pattern_6, nicolae_vaults_three_branches,
          ontoclasm_vaults_chip, v_misc_22, ontoclasm_vaults_decontamination,
          layout_vaults_omnicross, uniq_margery
Vaults:4: ontoclasm_vaults_ring_small, dpeg_vaults_monster_box, v_misc_2,
          v_misc_14, nicolae_vaults_shelves_hall,
          nicolae_vaults_inception_scallops, v_misc_27, st_squares, v_rooms_5,
          v_misc_2, grunt_vaults_hallway_short, layout_vaults_ring
Vaults:5: serial_shops
Depths:1: layout_gridlike, lemuel_statue_altar, hell_entry,
          lemuel_freeze_loot_1, minmay_shop_star, serial_bayou_shore_b,
          grunt_megastairs_4, firewood_loft
Depths:2: kennysheep_gozag_temple, layout_small_grid, abyss_entry_glasseish,
          nrook_campfire, grunt_mini_vestibule, minmay_orc_keep
Depths:3: minmay_gate_of_8, layout_honeycomb, abyss_entry, serial_shops,
          nicolae_square_shop, nicolae_two_hexagons, grunt_pan_entry_spiral,
          hell_entry, minmay_shoptagon, infiniplex_staircase_9_rooms,
          uniq_xtahua
Depths:4: minmay_fractal_lines_corner, layout_gridlike, enter_ziggurat_e,
          abyss_entry, hellmouth_3, hellmonk_bongcloud_opening,
          serial_bayou_shore_b, minmay_shop_grove, serial_bayou_shore_b
Depths:5: evilmike_zot_entry_argh, layout_gridlike, solitary_fountain,
          hellmouth_1

Skill      XL: |  1  2  3  4  5  6  7  8  9 10 11 12 13 14 15 16 17 18 19 20 21 22 23 24 25 26 27 |
---------------+----------------------------------------------------------------------------------+-----
Earth Magic    | 4 5 6 7 9 11 12 14 15 16 18 20 22 24 26 27 | 27.0
Short Blades   | 1 2 3 |  3.0
Spellcasting   | 3 4 5 7 9 10 11 12 13 14 15 | 15.3
Fighting       | 1 3 5 6 7 9 10 12 | 12.1
Conjurations   | 3 9 12 15 18 19 20 22 23 | 23.6
Necromancy     | 3 5 7 |  7.4
Dodging        | 2 5 |  5.0
Armour         | 5 7 10 12 15 16 | 16.6
Shields        | 5 7 10 12 14 15 | 15.0
Evocations     | 2 5 |  5.0
Translocations | 2 3 5 |  5.0
Summonings     | 3 10 | 10.0
Stealth        | |  2.1
Transmutations | |  0.7

Action                   |  1- 3 |  4- 6 |  7- 9 | 10-12 | 13-15 | 16-18 | 19-21 | 22-24 | 25-27 || total
-------------------------+-------+-------+-------+-------+-------+-------+-------+-------+-------++-------
Melee: Short sword       |    89 |    98 |       |       |       |       |       |       |       ||   187
       Mace              |       |     1 |    25 |    61 |     1 |    23 |       |       |       ||   111
       Hand axe          |       |       |       |     5 |    60 |       |       |       |       ||    65
       Staff             |       |       |       |       |     7 |     8 |    18 |    10 |     6 ||    49
 Fire: Hunting sling     |       |    22 |       |       |       |       |       |       |       ||    22
Throw: Stone             |       |       |     1 |       |       |       |       |       |       ||     1
 Cast: Sandblast         |    30 |    34 |    31 |    35 |     9 |     1 |       |       |       ||   140
       Stone Arrow       |       |     1 |    76 |   224 |   629 |   387 |    59 |     1 |       ||  1377
       Lee's Rapid Decon |       |       |       |    24 |    46 |    36 |   122 |    92 |    48 ||   368
       Borgnjor's Vile C |       |       |       |     1 |    55 |    25 |   150 |   152 |   126 ||   509
       Petrify           |       |       |       |       |     6 |       |     1 |       |       ||     7
       Iron Shot         |       |       |       |       |    30 |   261 |   261 |   159 |   233 ||   944
       Iskenderun's Batt |       |       |       |       |       |    97 |    44 |     4 |       ||   145
       Iskenderun's Myst |       |       |       |       |       |       |     2 |       |       ||     2
       Lehudib's Crystal |       |       |       |       |       |       |       |     2 |       ||     2
       Blink             |       |       |       |       |       |       |       |     1 |    13 ||    14
       Shatter           |       |       |       |       |       |       |       |       |    34 ||    34
       Spellforged Servi |       |       |       |       |       |       |       |       |     4 ||     4
       Fulminant Prism   |       |       |       |       |       |       |       |       |    13 ||    13
Evoke: Wand              |       |       |       |       |       |       |     1 |       |       ||     1
  Use: Scroll            |       |     6 |     1 |    10 |    12 |    17 |     7 |     5 |     2 ||    60
       Potion            |       |       |       |       |     1 |     4 |     6 |     1 |     2 ||    14
 Stab: Sleeping          |       |     1 |       |       |       |       |       |       |       ||     1
Armor: Robe              |    21 |    32 |    12 |       |       |     9 |       |       |       ||    74
       Steam dragon scal |       |       |       |    34 |       |       |       |       |       ||    34
       Ring mail         |       |       |       |   130 |   108 |       |       |       |       ||   238
       Ice dragon scales |       |       |       |       |   170 |   242 |       |       |       ||   412
       Chain mail        |       |       |       |       |       |   214 |   190 |   111 |   226 ||   741
Dodge: Dodged            |    51 |    61 |    29 |   185 |   220 |   174 |    71 |    33 |    61 ||   885
Block: Buckler           |       |       |       |       |    52 |   296 |       |       |       ||   348
       Reflection        |       |       |       |       |       |     6 |    60 |    21 |    31 ||   118
       Kite shield       |       |       |       |       |       |     4 |   185 |   158 |   205 ||   552

Table legend: (Time is in decaauts)
 A = Elapsed time spent in this place.
 B = Non-inter-level travel time spent in this place.
 C = Inter-level travel time spent in this place.
 D = Time resting spent in this place.
 E = Time spent auto-exploring this place.
 F = Levels seen in this place.
 G = Mean time per level.
                   A        B        C        D        E       F      G
               +--------+--------+--------+--------+--------+-----+--------+
         Total | 120162 | 110228 |   9934 |  52090 |  35791 |  50 | 2403.2 |
       Dungeon |  29953 |  25443 |   4510 |   8945 |  11607 |  15 | 1996.9 |
        Temple |    234 |    206 |     28 |      0 |    201 |   1 |  234.0 |
          Lair |  19698 |  17390 |   2308 |   8175 |   6427 |   6 | 3283.0 |
         Swamp |   7636 |   7266 |    370 |   3388 |   2176 |   4 | 1909.0 |
   Spider Nest |  12953 |  12105 |    848 |   6677 |   2520 |   4 | 3238.2 |
    Slime Pits |   3844 |   3634 |    210 |   2240 |    703 |   4 |  961.0 |
  Orcish Mines |   7452 |   7091 |    361 |   4477 |   1449 |   2 | 3726.0 |
   Elven Halls |   8730 |   8549 |    181 |   4310 |   1769 |   3 | 2910.0 |
        Vaults |  14700 |  14241 |    459 |   7178 |   4100 |   5 | 2940.0 |
        Depths |  13782 |  13126 |    656 |   6084 |   4699 |   5 | 2756.4 |
      Gauntlet |   1176 |   1176 |      0 |    614 |    140 |   1 | 1176.0 |
               +--------+--------+--------+--------+--------+-----+--------+

Top non-repeatable levels by time:
Spider:2: 5059 daAuts
  Lair:3: 4969 daAuts
    D:11: 4748 daAuts
Depths:1: 4471 daAuts
   Elf:3: 4454 daAuts
  Lair:2: 4082 daAuts
   Orc:1: 4081 daAuts
Spider:4: 3949 daAuts
Vaults:4: 3681 daAuts
Vaults:2: 3453 daAuts
   Orc:2: 3370 daAuts
     D:3: 3303 daAuts
  Lair:4: 3188 daAuts
Vaults:3: 3103 daAuts
     D:9: 3061 daAuts
